 Dungeon Crawl Stone Soup version 0.29.1-1-gd02db6906a (webtiles) character file.

Game seed: 5478298570558382299

9526 RogueRain17 the Blocker (level 11, 0/121 (133) HPs)
             Began as a Gnoll Fighter on Oct 11, 2022.
             Killed by vampiric draining
             ... invoked by Josephine
              (16 damage)
             ... on level 10 of the Dungeon.
             The game lasted 00:37:14 (12198 turns).

RogueRain17 the Blocker (Gnoll Fighter)            Turns: 12198, Time: 00:37:15

HP:   0/121 (133)   AC: 25    Str: 15    XL:     11   Next: 47%
MP:   20/20         EV:  2    Int: 11    God:
Gold: 525           SH:  0    Dex: 15    Spells: 23/23 levels left

rFire   . . .      SeeInvis .   K - +3 arbalest
rCold   . . .      Faith    .   (shield currently unavailable)
rNeg    . . .      Spirit   .   (body armour currently unavailable)
rPois   +          Reflect  .   (helmet currently unavailable)
rElec   .          Harm     .   (cloak currently unavailable)
rCorr   .          Rampage  .   (gloves currently unavailable)
Will    .....      NoTele   +   (boots currently unavailable)
Stlth   +++.......              h - amulet of the acrobat
HPRegen 0.30/turn               i - +4 ring of evasion
MPRegen 0.17/turn               E - ring of poison resistance

@: tree-form (expiring), hasted, studying 2 skills, drained, unable to drink,
very quick
A: stationary, stasis, torment immunity, boosted hp, (fangs 1), strong nose,
distributed training, (iridescent scales 1), agile 1, (fire resistance 1),
inability to drink after injury 1
a: no special abilities


You were on level 10 of the Dungeon.
You were a tree.
You visited 1 branch of the dungeon, and saw 10 of its levels.
You also visited: Sewer and Ossuary.

You collected 525 gold pieces.

Inventory:

Hand Weapons
 a - a +0 war axe
 d - a +1 whip of electrocution
 C - a +2 whip of holy wrath
 K - a +3 arbalest (weapon)
Missiles
 y - 10 boomerangs
Armour
 b - a +0 scale mail (melded)
 c - a +0 buckler
 m - a +2 pair of gloves (melded)
 B - a +0 pair of boots of rampaging (melded)
Jewellery
 h - an amulet of the acrobat (around neck)
 i - a +4 ring of evasion (left branch)
 j - an amulet of reflection
 k - a ring of wizardry
 l - an amulet of magic regeneration
 E - a ring of poison resistance (right branch)
 G - a ring of protection from cold
 N - a +6 ring of dexterity
Wands
 t - a wand of flame (13)
Scrolls
 p - a scroll of enchant weapon
 q - 3 scrolls of vulnerability
 w - 3 scrolls of fog
 x - 2 scrolls of summoning {unknown}
 D - 3 scrolls of teleportation {unknown}
 F - a scroll of blinking {unknown}
 H - a scroll of torment {unknown}
 I - 2 scrolls of magic mapping {unknown}
 L - a scroll of enchant armour {unknown}
Potions
 f - a potion of berserk rage {unknown}
 g - 2 potions of cancellation {unknown}
 n - a potion of ambrosia {unknown}
 o - 2 potions of resistance {unknown}
 r - a potion of lignification
 s - 3 potions of flight
 v - 2 potions of attraction {unknown}
 A - a potion of magic {unknown}
 M - 4 potions of brilliance {unknown}


   Skills:
 + Level 9.4 Fighting
 + Level 6.5 Short Blades
 + Level 6.5 Long Blades
 + Level 8.1 Axes
 + Level 6.8 Maces & Flails
 + Level 6.5 Polearms
 + Level 6.5 Staves
 + Level 6.5 Ranged Weapons
 + Level 6.5 Throwing
 + Level 9.4 Armour
 + Level 6.5 Dodging
 + Level 6.5 Stealth
 + Level 9.4 Shields
 + Level 6.5 Unarmed Combat
 + Level 6.5 Spellcasting
 + Level 5.4 Conjurations
 + Level 5.4 Hexes
 + Level 5.4 Summonings
 + Level 5.4 Necromancy
 + Level 5.4 Translocations
 + Level 5.4 Transmutations
 + Level 5.4 Fire Magic
 + Level 5.4 Ice Magic
 + Level 5.4 Air Magic
 + Level 5.4 Earth Magic
 + Level 5.4 Poison Magic
 + Level 7.5 Invocations
 + Level 6.5 Evocations


You had 23 spell levels left.
You didn't know any spells.
Your spell library contained the following spells:

 Spells                   Type           Power      Damage    Failure   Level
 Apportation              Tloc           30%        N/A       1%          1
 Magic Dart               Conj           60%        1d6       1%          1
 Necrotise                Necr           60%        1d7       1%          1
 Summon Small Mammal      Summ           60%        N/A       1%          1
 Ensorcelled Hibernation  Hex/Ice        30%        N/A       3%          2
 Searing Ray              Conj           30%        2d5       3%          2
 Spider Form              Tmut/Pois      15%        N/A       6%          3
 Anguish                  Hex/Necr       7%         N/A       19%         4
 Fulminant Prism          Conj/Hex       7%         3d7       19%         4
 Hailstorm                Conj/Ice       15%        3d5       19%         4
 Freezing Cloud           Conj/Ice/Air   7%         6-21      47%         5
 Ozocubu's Refrigeration  Ice            7%         4d9       100%        7


Dungeon Overview and Level Annotations

Branches:
Dungeon (10/15)               Orc (0/2) D:9           Sewer (visited)
Ossuary (visited)
 Temple: D:4-7         Lair: D:8-11

Altars:
Elyvilon
Fedhas
Gozag
Makhleb
Okawaru
Xom

Shops:
D:8 [   D:9 *

Annotations:
D:9 3 runed translucent doors, turdburglar's ghost, novice MiGl
D:10 Josephine


Innate Abilities, Weirdness & Mutations

You are a tree.
Your roots penetrate the ground, keeping you stationary.
You cannot be teleported.
You are immune to unholy pain and torment.
Your maximum health is greatly increased.
Your equipment is partially melded.
((You have very sharp teeth.))
Your uncanny sense of smell can sniff out nearby items.
Your experience applies equally to all skills.
((You are partially covered in iridescent scales. (AC +2)))
You are agile. (Dex +4, Str/Int -1)
((Your flesh is heat resistant. (rF+)))
You occasionally lose the ability to drink potions when taking damage.


Message History

You shoot a bolt. The bolt hits Josephine!!
Josephine is almost dead.
The centaur hits you but does no damage.
The centaur kicks you but does no damage.
Josephine hits you but does no damage.
You writhe in agony!
* * * LOW HITPOINT WARNING * * *
The centaur hits you.
* * * LOW HITPOINT WARNING * * *
The centaur kicks you but does no damage.
Josephine hits you with a +2 dagger of pain.
* * * LOW HITPOINT WARNING * * *
You writhe in agony.
* * * LOW HITPOINT WARNING * * *
The centaur hits you but does no damage.
The centaur kicks you but does no damage.
You feel much better. The centaur hits you.
* * * LOW HITPOINT WARNING * * *
The centaur kicks you but does no damage.
Josephine hits you but does no damage.
You writhe in agony.
* * * LOW HITPOINT WARNING * * *
You feel much better.
The centaur hits you but does no damage.
The centaur kicks you but does no damage.
Josephine draws life force from you!
* * * LOW HITPOINT WARNING * * *
Josephine is healed by the life force!
The centaur hits you but does no damage.
The centaur kicks you but does no damage.
It was a potion of haste.
You feel yourself speed up.
Your transformation is almost over.
The centaur completely misses you.
The centaur kicks you but does no damage.
Josephine hits you but does no damage.
You writhe in agony!
* * * LOW HITPOINT WARNING * * *
You feel as though your hastened speed will last longer.
The howler monkey hoots and howls with incredible vigour!
The centaur hits you but does no damage.
The centaur completely misses you. Josephine draws life force from you!
You feel threatened and lose the ability to drink potions!
You die...

#.#.... #W....#.## #..
#...# #.#... ###W#####
#.. ###.### +..
##.....# #.... #.
##.Wc..### #.... #
##.....###. #######....
##.....###..
........... #.....##
..h #####......
..####'#######c#####.#
#......
#............WW@♣.....#
#......
##.......#######..#.###
#...... .........# ##.#
#...... .#######.# .#
........ #.# .#
......... #.# .#
........... #.. .#
########... #.. .. ...


You could see Josephine, 2 wraiths, a centaur and a howler monkey (catching
breath).

Vanquished Creatures
  A hydra (D:9)
  Pikel (D:4)
  A gargoyle (D:8)
  A kobold demonologist (D:9)
  A troll (D:10)
  A dream sheep (D:8)
  2 wraiths
  A vampire (D:10)
  9 yaks
  2 golden eyes
  2 wyverns
  A warg (D:9)
  An acid dragon (D:7)
  2 water moccasins
  5 orc warriors
  A black bear (D:4)
  3 ogres
  4 centaurs
  5 kobold brigands
  5 bullfrogs
  A necrophage (D:5)
  4 scorpions
  6 water moccasin zombies (Ossuary)
  5 wights (D:9)
  13 killer bees
  5 howler monkeys
  4 jellies
  2 gnoll boudas
  2 orc priests
  4 hounds
  3 iguanas
  Jessica (D:3)
  9 orc wizards
  3 mummies
  22 gnolls
  10 adders
  2 river rats (Sewer)
  A white imp (D:6)
  4 adder zombies (Ossuary)
  13 worms
  5 dart slugs
  33 orcs
  13 endoplasms
  3 giant cockroaches
  10 goblins
  13 hobgoblins
  4 jackals (D:4)
  4 quokkas
  12 ball pythons
  7 bats
  4 frilled lizards
  7 gnoll zombies (Ossuary)
  9 hobgoblin zombies (Ossuary)
  13 kobolds
  3 kobold zombies (Ossuary)
  2 orc zombies (Ossuary)
  13 rats
318 creatures vanquished.

Notes
Turn   | Place    | Note
-------+----------+-------------------------------------------
     0 | D:1      | RogueRain17 the Gnoll Fighter began the quest for the Orb.
     0 | D:1      | Reached XP level 1. HP: 23/23 MP: 1/1
   126 | D:1      | Reached XP level 2. HP: 25/29 MP: 2/2
   405 | D:1      | Reached XP level 3. HP: 17/35 MP: 3/3
   974 | D:2      | Reached skill level 1 in Invocations
   975 | D:2      | Reached skill level 1 in Short Blades
   975 | D:2      | Reached skill level 1 in Long Blades
   975 | D:2      | Reached skill level 1 in Maces & Flails
   975 | D:2      | Reached skill level 1 in Polearms
   975 | D:2      | Reached skill level 1 in Staves
   975 | D:2      | Reached skill level 1 in Ranged Weapons
   975 | D:2      | Reached skill level 1 in Throwing
   975 | D:2      | Reached skill level 1 in Dodging
   975 | D:2      | Reached skill level 1 in Stealth
   975 | D:2      | Reached skill level 1 in Unarmed Combat
   975 | D:2      | Reached skill level 1 in Spellcasting
   975 | D:2      | Reached skill level 1 in Evocations
   982 | D:2      | Reached XP level 4. HP: 12/41 MP: 5/5
  1277 | D:2      | Reached skill level 1 in Conjurations
  1277 | D:2      | Reached skill level 1 in Hexes
  1277 | D:2      | Reached skill level 1 in Summonings
  1277 | D:2      | Reached skill level 1 in Necromancy
  1277 | D:2      | Reached skill level 1 in Translocations
  1277 | D:2      | Reached skill level 1 in Transmutations
  1277 | D:2      | Reached skill level 1 in Fire Magic
  1277 | D:2      | Reached skill level 1 in Ice Magic
  1277 | D:2      | Reached skill level 1 in Air Magic
  1277 | D:2      | Reached skill level 1 in Earth Magic
  1277 | D:2      | Reached skill level 1 in Poison Magic
  1696 | D:2      | Reached XP level 5. HP: 42/47 MP: 7/7
  2685 | D:3      | Found an iron altar of Okawaru.
  2748 | D:3      | Noticed Jessica
  2749 | D:3      | Killed Jessica
  3029 | D:4      | Reached XP level 6. HP: 27/53 MP: 8/8
  3031 | D:4      | Reached skill level 5 in Axes
  3338 | D:4      | Noticed a black bear
  3346 | D:4      | Killed a black bear
  3374 | D:4      | Noticed Pikel
  3385 | D:4      | Killed Pikel
  3386 | D:4      | Reached XP level 7. HP: 60/60 MP: 9/11
  3386 | D:4      | Reached XP level 8. HP: 67/67 MP: 9/12
  3402 | D:4      | Found a blossoming altar of Fedhas.
  3426 | D:4      | Found a burning altar of Makhleb.
  3679 | D:5      | Entered Level 5 of the Dungeon
  4661 | D:5      | Got the Catalogue of the Rat
  4952 | D:6      | Reached XP level 9. HP: 25/73 MP: 14/14
  5234 | D:6      | Found a glowing drain.
  5244 | Sewer    | Entered a sewer
  6580 | D:6      | Noticed a cyclops
  6748 | D:7      | Reached skill level 5 in Invocations
  6895 | D:7      | Found a sand-covered staircase.
  6905 | Ossuary  | Entered an ossuary
  7564 | D:7      | Reached skill level 5 in Short Blades
  7564 | D:7      | Reached skill level 5 in Long Blades
  7564 | D:7      | Reached skill level 5 in Maces & Flails
  7564 | D:7      | Reached skill level 5 in Polearms
  7564 | D:7      | Reached skill level 5 in Staves
  7564 | D:7      | Reached skill level 5 in Ranged Weapons
  7564 | D:7      | Reached skill level 5 in Throwing
  7564 | D:7      | Reached skill level 5 in Dodging
  7564 | D:7      | Reached skill level 5 in Stealth
  7564 | D:7      | Reached skill level 5 in Unarmed Combat
  7564 | D:7      | Reached skill level 5 in Spellcasting
  7564 | D:7      | Reached skill level 5 in Evocations
  7564 | D:7      | Reached XP level 10. HP: 42/81 MP: 17/17
  7987 | D:8      | Noticed a gargoyle
  8172 | D:8      | Noticed a two-headed ogre
  8205 | D:8      | a two-headed ogre changed into a dream sheep
  8222 | D:9      | Noticed Prince Ribbit
  8229 | D:8      | Noticed Prince Ribbit
  8229 | D:8      | Prince Ribbit changed into Prince Ribbit the wyvern
  8231 | D:8      | Killed Prince Ribbit the wyvern
  8852 | D:9      | Found a staircase to the Orcish Mines.
  8891 | D:9      | Gained mutation: You occasionally lose the ability to read
                  | scrolls when taking damage. [potion of mutation]
  8891 | D:9      | Gained mutation: Your system is resistant to poisons.
                  | (rPois) [potion of mutation]
  8891 | D:9      | Gained mutation: You are robust. (+10% HP) [potion of
                  | mutation]
  9199 | D:9      | Lost mutation: You occasionally lose the ability to read
                  | scrolls when taking damage. [potion of mutation]
  9199 | D:9      | Lost mutation: You are robust. (+10% HP) [potion of
                  | mutation]
  9199 | D:9      | Lost mutation: Your system is resistant to poisons. (rPois)
                  | [potion of mutation]
  9199 | D:9      | Gained mutation: You have hidden genetic potential. [potion
                  | of mutation]
  9199 | D:9      | Gained mutation: You are dopey. (Int -2) [potion of
                  | mutation]
  9199 | D:9      | Gained mutation: You have sharp toenails. [potion of
                  | mutation]
  9200 | D:9      | Lost mutation: You have hidden genetic potential. [potion
                  | of mutation]
  9200 | D:9      | Lost mutation: You have sharp toenails. [potion of
                  | mutation]
  9200 | D:9      | Lost mutation: You are dopey. (Int -2) [potion of mutation]
  9200 | D:9      | Gained mutation: Armour fits poorly on your strangely
                  | shaped body. [potion of mutation]
  9200 | D:9      | Gained mutation: You are agile. (Dex +4, Str/Int -1)
                  | [potion of mutation]
  9200 | D:9      | Gained mutation: Your spells are a little easier to cast,
                  | but a little less powerful. [potion of mutation]
  9200 | D:9      | Gained mutation: You have an increased reservoir of magic.
                  | (+10% MP) [potion of mutation]
  9201 | D:9      | Lost mutation: Your spells are a little easier to cast, but
                  | a little less powerful. [potion of mutation]
  9201 | D:9      | Lost mutation: You have an increased reservoir of magic.
                  | (+10% MP) [potion of mutation]
  9201 | D:9      | Lost mutation: Armour fits poorly on your strangely shaped
                  | body. [potion of mutation]
  9201 | D:9      | Gained mutation: You occasionally lose the ability to drink
                  | potions when taking damage. [potion of mutation]
  9201 | D:9      | Gained mutation: Your flesh is heat resistant. (rF+)
                  | [potion of mutation]
  9201 | D:9      | Gained mutation: You are partially covered in iridescent
                  | scales. (AC +2) [potion of mutation]
  9526 | D:8      | Found Tidaefi's Armour Emporium.
  9542 | D:8      | Identified the +2 plate armour of the Other World {rN+
                  | Dex+3}
 10036 | D:8      | Reached skill level 5 in Conjurations
 10036 | D:8      | Reached skill level 5 in Hexes
 10036 | D:8      | Reached skill level 5 in Summonings
 10036 | D:8      | Reached skill level 5 in Necromancy
 10036 | D:8      | Reached skill level 5 in Translocations
 10036 | D:8      | Reached skill level 5 in Transmutations
 10036 | D:8      | Reached skill level 5 in Fire Magic
 10036 | D:8      | Reached skill level 5 in Ice Magic
 10036 | D:8      | Reached skill level 5 in Air Magic
 10036 | D:8      | Reached skill level 5 in Earth Magic
 10036 | D:8      | Reached skill level 5 in Poison Magic
 10054 | D:8      | Reached XP level 11. HP: 89/89 MP: 20/20
 10179 | D:8      | Found a shimmering altar of Xom.
 10189 | D:8      | Found a white marble altar of Elyvilon.
 11101 | D:9      | Found a runed translucent gate.
 11101 | D:9      | Noticed a two-headed ogre
 11102 | D:9      | Found a runed translucent gate.
 11102 | D:9      | Found an opulent altar of Gozag.
 11103 | D:9      | Found a runed translucent gate.
 11103 | D:9      | Noticed a cyclops
 11104 | D:9      | Noticed turdburglar's ghost (novice MiGl)
 11104 | D:9      | Noticed a boulder beetle
 11186 | D:9      | Noticed a six-headed hydra
 11235 | D:9      | Killed a six-headed hydra
 11531 | D:9      | Found Quefix's Assorted Antiques.
 11556 | D:10     | Entered Level 10 of the Dungeon
 12155 | D:10     | Noticed Josephine
 12194 | D:10     | HP: 4/121 [Josephine/+2 dagger of pain (4)]
 12198 | D:10     | Killed from afar by Josephine

Illustrated notes

Levels and vault maps discovered:
D:1:      ebering_trefoil_3fold, layout_basic, bh_walls_and_bars
D:2:      minmay_diamond_boxcup, layout_basic, nicolae_titane
D:3:      layout_basic, kennysheep_okawaru_gauntlet, uniq_jessica
D:4:      layout_rooms, jmf_multi_god_temple, uniq_pikel
D:5:      layout_cave_pods
D:6:      layout_rooms, temple_hall, portal_sewer_entry_d, minmay_misc_feat_x
D:7:      layout_gridville, gup_ossuary_entry_pyramid, kennysheep_flooded_box
D:8:      layout_loops_cross, old_standard_altar, kennysheep_mini, serial_shops,
          nicolae_shop_statue_plus, minmay_manual_moon
D:9:      layout_long_grid, erik_orc_3, ebering_ghost_gozag, kennysheep_diamond,
          kennysheep_generic_room_3, uniq_prince_ribbit1
D:10:     layout_irregular_city, minmay_quadrilaterals, uniq_erolcha, uniq_urug,
          uniq_josephine

Skill      XL: |  1  2  3  4  5  6  7  8  9 10 11 |
---------------+----------------------------------+-----
Invocations    | 1 2 3 4 5 6 7 |  7.5
Short Blades   | 1 3 5 6 |  6.5
Long Blades    | 1 3 5 6 |  6.5
Maces & Flails | 1 3 5 6 |  6.8
Polearms       | 1 3 5 6 |  6.5
Staves         | 1 3 5 6 |  6.5
Ranged Weapons | 1 3 5 6 |  6.5
Throwing       | 1 3 5 6 |  6.5
Dodging        | 1 3 5 6 |  6.5
Stealth        | 1 3 5 6 |  6.5
Unarmed Combat | 1 3 5 6 |  6.5
Spellcasting   | 1 3 5 6 |  6.5
Evocations     | 1 3 5 6 |  6.5
Conjurations   | 1 2 3 4 5 |  5.4
Hexes          | 1 2 3 4 5 |  5.4
Summonings     | 1 2 3 4 5 |  5.4
Necromancy     | 1 2 3 4 5 |  5.4
Translocations | 1 2 3 4 5 |  5.4
Transmutations | 1 2 3 4 5 |  5.4
Fire Magic     | 1 2 3 4 5 |  5.4
Ice Magic      | 1 2 3 4 5 |  5.4
Air Magic      | 1 2 3 4 5 |  5.4
Earth Magic    | 1 2 3 4 5 |  5.4
Poison Magic   | 1 2 3 4 5 |  5.4
Axes           | 5 6 7 8 |  8.1
Fighting       | 7 8 9 |  9.4
Armour         | 7 8 9 |  9.4
Shields        | 7 8 9 |  9.4

Action                   |  1- 3 |  4- 6 |  7- 9 | 10-12 || total
-------------------------+-------+-------+-------+-------++-------
Melee: War axe           |    64 |   169 |   370 |       ||   603
       Bite              |     5 |    14 |    32 |       ||    51
       Arbalest          |       |       |     3 |       ||     3
 Fire: Arbalest          |       |       |   140 |   388 ||   528
Evoke: Wand              |       |    21 |    12 |     5 ||    38
  Use: Scroll            |       |       |     7 |     2 ||     9
       Potion            |       |       |     1 |    20 ||    21
 Stab: Distracted        |       |       |     1 |       ||     1
Armor: Scale mail        |    21 |    97 |   180 |   184 ||   482
       Skin              |       |       |       |    98 ||    98
Dodge: Dodged            |    30 |    76 |   372 |   390 ||   868
Block: Buckler           |    23 |    54 |    84 |       ||   161
